 Dungeon Crawl Stone Soup version 0.22.1-2-g9c5b331 (webtiles) character file.

1807 MalarOregon the Spear-Bearer (level 9, -13/66 HPs)
             Began as a Merfolk Ice Elementalist on Nov 20, 2018.
             Was an Initiate of Nemelex Xobeh.
             Killed from afar by Erica (14 damage)
             ... with an orb of energy
             ... on level 8 of the Dungeon.
             The game lasted 00:24:16 (8476 turns).

MalarOregon the Spear-Bearer (MfIE)                 Turns: 8476, Time: 00:24:17

Health: -13/66     AC:  5    Str:  9    XL:     9   Next: 9%
Magic:  1/16       EV: 16    Int: 15    God:    Nemelex Xobeh [......]
Gold:   272        SH:  0    Dex: 14    Spells: 3/17 levels left

rFire    + . .     SeeInvis .   a - +0 trident
rCold    . . .     Gourm    .   (no shield)
rNeg     + . .     Faith    .   n - +1 robe
rPois    .         Spirit   .   (helmet restricted)
rElec    .         Reflect  .   (no cloak)
rCorr    .         Harm     .   (no gloves)
MR       .....                  (no boots)
Stlth    ++........             (no amulet)
HPRegen  0.21/turn              h - ring of positive energy
MPRegen  0.15/turn              i - ring of protection from fire

@: lethally poisoned (-13 -> -21), very slightly contaminated
A: change form in water, swift swim, stealthy swim, horns 1, slimy green scales
1, dopey 1
a: Renounce Religion


You were on level 8 of the Dungeon.
You worshipped Nemelex Xobeh.
Nemelex Xobeh was noncommittal.
You were hungry.

You visited 2 branches of the dungeon, and saw 7 of its levels.

You collected 272 gold pieces.

Inventory:

Hand Weapons
 a - a +0 trident (weapon)
   (You took it off an orc on level 4 of the Dungeon)
Missiles
 d - 4 throwing nets (quivered) {!f}
 q - 6 tomahawks
 w - 32 poisoned needles
Armour
 n - a +1 robe (worn)
Magical Staves
 y - an uncursed staff of cold
   (You found it on level 8 of the Dungeon)
Jewellery
 h - a ring of positive energy (left hand)
   (You found it on level 1 of the Dungeon)
 i - a ring of protection from fire (right hand)
   (You found it on level 2 of the Dungeon)
Wands
 x - a wand of scattershot (3)
   (You found it on level 5 of the Dungeon)
Scrolls
 c - 3 scrolls of immolation {!r}
 p - a scroll of fear
 s - 5 scrolls of teleportation {@r4}
 t - 2 scrolls of remove curse {@r2}
 u - a scroll of magic mapping
 v - a scroll of identify {@r1}
Potions
 b - a potion of might {unknown}
 f - a potion of cancellation {unknown}
 g - 2 potions of flight
 j - a potion of mutation {!q}
 l - a potion of degeneration {unknown}
 r - a potion of berserk rage {unknown}
 z - a potion of resistance {unknown}
Miscellaneous
 k - a legendary deck of destruction {drawn: 2}
   (Nemelex Xobeh gifted it to you on level 4 of the Dungeon)
 o - a plain deck of summoning {drawn: 1}
   (Nemelex Xobeh gifted it to you on level 4 of the Dungeon)
Comestibles
 e - 6 rations {!d}


   Skills:
 + Level 4.7 Fighting
 * Level 8.2 Polearms
 - Level 2.0 Throwing
 + Level 6.4 Dodging
 - Level 2.1 Stealth
 + Level 4.8 Spellcasting
 - Level 0.7 Conjurations
 + Level 5.8 Ice Magic
 + Level 2.3 Invocations


You had 3 spell levels left.
You knew the following spells:

 Your Spells              Type           Power        Failure   Level  Hunger
a - Freeze                Ice            ###.         1%          1    None
b - Ozocubu's Armour      Chrm/Ice       ##......     16%         3    ###....
c - Throw Icicle          Conj/Ice       ##......     38%         4    ####...
d - Summon Ice Beast      Ice/Summ       ##......     45%         4    ####...
x - Throw Frost           Conj/Ice       ##....       6%          2    ##.....

Your spell library contained the following spells:

 Spells                   Type           Power        Failure   Level  Hunger


Dungeon Overview and Level Annotations

Branches:
Dungeon (5/15)             Temple (1/1) D:4

Altars:
Dithmenos
Fedhas
Hepliaklqana
Kikubaaqudgha
Makhleb
Nemelex Xobeh
Okawaru
Ru
Sif Muna
Trog
Uskayaw
Vehumet
Xom
Yredelemnul

Annotations:
D:8 Erica


Innate Abilities, Weirdness & Mutations

You revert to your normal form in water.
You are very nimble and swift while swimming.
You are very stealthy in the water. (Stealth+)
You have a pair of small horns on your head.
You are partially covered in slimy green scales. (AC +2)
You are dopey. (Int -2)


Message History

You hear some strange, mumbled words.
You are confused.
You feel better. Something hits you. The heat melts your icy armour.
You draw a card...
It is the Illusion.
Suddenly you stand beside yourself.
You hear some strange, mumbled words.
Something tries to affect you, but you resist.
You freeze something. Something hits you. Something burns you.
* * * LOW HITPOINT WARNING * * *
The heat melts your icy armour.
Your icy armour cracks and falls away as you move.
You hear some strange, mumbled words.
A bolt of poison appears from out of thin air!
The bolt of poison misses you.
Attack whom?
You reach to attack!
You hit something.
Something barely misses MalarOregon's illusion.
Attack whom?
That would be overly suicidal.
Okay, then.
Attack whom?
You could not reach far enough!
Attack whom?
You could not reach far enough!
Something hits MalarOregon's illusion!
Something burns MalarOregon's illusion.
Attack whom?
You could not reach far enough!
Something hits MalarOregon's illusion!
Something burns MalarOregon's illusion.
Attack whom?
You reach to attack!
You miss something.
You hear some strange, mumbled words.
A bolt of poison appears from out of thin air!
The bolt of poison hits MalarOregon's illusion.
The bolt of poison hits you!
You are poisoned.
* * * LOW HITPOINT WARNING * * *
It was a potion of mutation.
You feel extremely strange. A pair of horns grows on your head!
You feel stupid.
Slimy green scales grow over part of your body.
* * * LOW HITPOINT WARNING * * *
You feel sick.
You hear some strange, mumbled words.
An orb of energy appears from out of thin air!
The orb of energy hits MalarOregon's illusion.
The orb of energy explodes!
The mystic blast hits you!
You die...
Your body disappears without a glow.

## . ########### ...
.###.........# ....
..##.........########....
..##.........##..........
.............##.......$..
>............++..[.......
.............##.@@{.....#
.............)'..........
..............#..........
..............#.......!##
..............+..........
..............###........
............... #........
............... #........
............... ....


You could see the friendly MalarOregon's illusion.

Vanquished Creatures
  Sigmund (D:3)
  Edmund (D:4)
  A sky beast (D:4)
  3 ogres
  A tengu (D:4)
  2 phantoms (D:4)
  A scorpion (D:8)
  A howler monkey (D:2)
  2 crimson imps
  A hound (D:5)
  4 gnoll shamans (D:3)
  An orc wizard (D:4)
  A centaur skeleton (D:4)
  An iguana (D:4)
  Natasha (twice) (D:4)
  3 worker ants
  37 gnolls
  9 adders
  3 oozes
  3 dart slugs
  2 leopard geckos
  5 orcs (D:4)
  6 giant cockroaches
  12 goblins
  4 hobgoblins
  20 jackals
  8 kobolds
  3 quokkas
  4 ball pythons
  7 bats
  5 frilled lizards
  6 rats
160 creatures vanquished.

Vanquished Creatures (others)
  Natasha (D:4)
  A frilled lizard (D:4)
2 creatures vanquished.

Grand Total: 162 creatures vanquished

Notes
Turn   | Place    | Note
-------+----------+-------------------------------------------
     0 | D:1      | MalarOregon the Merfolk Ice Elementalist began the quest
                  | for the Orb.
     0 | D:1      | Reached XP level 1. HP: 13/13 MP: 3/3
    27 | D:1      | Reached XP level 2. HP: 7/20 MP: 1/5
   757 | D:1      | Reached XP level 3. HP: 24/25 MP: 6/6
   859 | D:1      | Reached skill level 1 in Fighting
  1519 | D:2      | Reached skill level 1 in Throwing
  1715 | D:2      | Reached XP level 4. HP: 16/32 MP: 3/8
  2210 | D:2      | Found a snail-covered altar of Cheibriados.
  2212 | D:2      | Found a sacrificial altar of Ru.
  2212 | D:2      | Found a blossoming altar of Fedhas.
  2221 | D:2      | Found a deep blue altar of Sif Muna.
  2221 | D:2      | Found a shimmering altar of Xom.
  2221 | D:2      | Found a hide-covered altar of Uskayaw.
  2395 | D:2      | Reached skill level 1 in Polearms
  2570 | D:2      | Learned a level 2 spell: Throw Frost
  2574 | D:2      | Learned a level 3 spell: Ozocubu's Armour
  2575 | D:3      | Noticed Sigmund
  2595 | D:3      | Found a radiant altar of Vehumet.
  2596 | D:3      | Found a burning altar of Makhleb.
  2629 | D:3      | Reached XP level 5. HP: 32/38 MP: 4/9
  2858 | D:3      | Reached skill level 2 in Polearms
  3171 | D:3      | Reached XP level 6. HP: 33/44 MP: 3/10
  3491 | D:3      | Reached skill level 3 in Polearms
  4294 | D:3      | Reached skill level 4 in Polearms
  4505 | D:3      | Learned a level 4 spell: Summon Ice Beast
  4627 | D:3      | Reached XP level 7. HP: 32/51 MP: 12/12
  5469 | D:3      | Reached skill level 5 in Polearms
  5900 | D:3      | Reached skill level 5 in Dodging
  6089 | D:3      | Killed Sigmund
  6089 | D:3      | Reached skill level 6 in Polearms
  6089 | D:3      | Reached skill level 5 in Ice Magic
  6089 | D:3      | Reached XP level 8. HP: 20/60 MP: 6/14
  6547 | D:3      | Found a burning altar of Makhleb.
  6548 | D:3      | Found a radiant altar of Vehumet.
  6743 | D:4      | Found a staircase to the Ecumenical Temple.
  6749 | Temple   | Entered the Ecumenical Temple
  6799 | Temple   | Became a worshipper of Nemelex Xobeh the Trickster
  6901 | D:4      | Received a gift from Nemelex Xobeh
  6901 | D:4      | Received a gift from Nemelex Xobeh
  6902 | D:4      | Noticed Pikel
  6903 | D:4      | Noticed Pikel
  6903 | D:4      | Pikel changed into Pikel the tengu
  6914 | D:4      | Killed Pikel the tengu
  7139 | D:4      | Noticed Natasha
  7151 | D:4      | Killed Natasha
  7323 | D:4      | Noticed Natasha
  7331 | D:4      | Killed Natasha
  7331 | D:4      | Reached skill level 7 in Polearms
  7363 | D:4      | Reached skill level 1 in Invocations
  7681 | D:4      | Killed Natasha
  7757 | D:4      | Noticed Edmund
  7766 | D:4      | Killed Edmund
  8222 | D:5      | Entered Level 5 of the Dungeon
  8246 | D:5      | Reached skill level 8 in Polearms
  8246 | D:5      | Reached XP level 9. HP: 65/66 MP: 7/16
  8361 | D:5      | Learned a level 4 spell: Throw Icicle
  8388 | D:5      | You fall through a shaft for 3 floors!
  8451 | D:8      | Noticed Erica
  8475 | D:8      | HP: 2/66 [something/bolt of poison (32)]
  8476 | D:8      | Gained mutation: You have a pair of small horns on your
                  | head. [potion of mutation]
  8476 | D:8      | Gained mutation: You are dopey. (Int -2) [potion of
                  | mutation]
  8476 | D:8      | Gained mutation: You are partially covered in slimy green
                  | scales. (AC +2) [potion of mutation]
  8476 | D:8      | Killed from afar by Erica

Skill      XL: |  1  2  3  4  5  6  7  8 |
---------------+-------------------------+-----
Dodging        | 3 4 5 6 |  6.4
Fighting       | 1 2 3 4 |  4.7
Throwing       | 1 2 |  2.0
Spellcasting   | 3 4 |  4.8
Polearms       | 1 2 4 6 8 |  8.2
Ice Magic      | 4 5 |  5.8
Invocations    | 2 |  2.3
Stealth        | |  2.1
Conjurations   | |  0.7

Action                   |  1- 3 |  4- 6 |  7- 9 || total
-------------------------+-------+-------+-------++-------
Melee: Whip              |    98 |       |       ||    98
       Spear             |       |   331 |   210 ||   541
       Tailslap          |       |     8 |     2 ||    10
       Trident           |       |       |    34 ||    34
Throw: Throwing net      |       |       |     1 ||     1
 Cast: Freeze            |    31 |    78 |   152 ||   261
       Throw Frost       |       |       |    12 ||    12
       Summon Ice Beast  |       |       |     3 ||     3
       Ozocubu's Armour  |       |       |     2 ||     2
Evoke: Deck              |       |       |     3 ||     3
  Use: Scroll            |     5 |     1 |     7 ||    13
       Potion            |       |       |     2 ||     2
 Stab: Sleeping          |     2 |     5 |     5 ||    12
       Distracted        |       |     1 |       ||     1
  Eat: Chunk             |     3 |     9 |    13 ||    25
Armor: Robe              |    24 |    24 |    17 ||    65
Dodge: Dodged            |   102 |   162 |   147 ||   411
